 Dungeon Crawl Stone Soup version 0.26-a0-257-g47e9e61525 (webtiles) character file.

Game seed: 9193781961263469542

262540 MrRokkomies the Fighter (level 20, -1/241 HPs)
             Began as a Human Gladiator on July 8, 2020.
             Was the Champion of Ashenzari.
             Slain by an air elemental (10 damage)
             ... on level 2 of the Vaults on July 10, 2020.
             The game lasted 02:48:24 (49054 turns).

MrRokkomies the Fighter (Human Gladiator)          Turns: 49054, Time: 02:48:25

Health: -1/241     AC: 21    Str: 19    XL:     20   Next: 81%
Magic:  32/32      EV: 16    Int: 18    God:    Ashenzari [******]
Gold:   208        SH:  0    Dex: 20    Spells: 9/36 levels left

rFire    + . .     SeeInvis +   a - +6 glaive (venom) (curse)
rCold    + + .     Faith    .   (shield currently unavailable)
rNeg     + . .     Spirit   .   b - +0 chain mail of Discretion {rElec Int+2 Slay+4} (curse)
rPois    +         Reflect  .   M - -2 hat of the Alchemist {rElec rPois rF+ rC+ rN+ MR+ rMut rCorr} (curse)
rElec    +         Harm     .   D - +1 cloak {MR+} (curse)
rCorr    +         Clarity  +   E - +1 pair of gloves (curse)
rMut     +                      T - +1 pair of boots {run} (curse)
MR       ++++.                  y - amulet "Poitseom" {Regen+ Str+4 Int+3} (curse)
Stlth    ..........             I - ring of Guph {rPois rC+ MR+ Int-3 Dex+6} (curse)
HPRegen  0.90/turn              W - +4 ring of slaying (curse)
MPRegen  0.23/turn

@: berserking, flying (expiring), very slightly contaminated, slowed, studying
Armour, quick
A: clumsy 1
}: 2/15 runes: decaying, gossamer
a: Curse Item, Scrying, Transfer Knowledge, Renounce Religion


You were on level 2 of the Vaults.
You worshipped Ashenzari.
Ashenzari was exalted by your worship.
You were not hungry.

You visited 6 branches of the dungeon, and saw 33 of its levels.
You also visited: Gauntlet, Ice Cave and Wizlab.

You collected 4595 gold pieces.
You spent 4387 gold pieces at shops.

Inventory:

Hand Weapons
 a - a cursed +6 glaive of venom (weapon)
Missiles
 c - 15 silver javelins
 h - 41 poisoned darts
 m - 5 curare-tipped darts
 q - 42 boomerangs (quivered)
 R - 13 javelins
 S - 2 throwing nets
 Y - 7 datura-tipped darts
Armour
 b - the cursed +0 chain mail of Discretion (worn) {rElec Int+2 Slay+4}
   (You bought it in a shop on level 1 of the Vaults)

   It affects your intelligence (+2).
   It affects your accuracy and damage with ranged weapons and melee attacks
   (+4).
   It insulates you from electricity.
   It has a curse placed upon it.
 D - a cursed +1 cloak of magic resistance (worn)
 E - a cursed +1 pair of gloves (worn)
 M - the cursed -2 hat of the Alchemist (worn) {rElec rPois rF+ rC+ rN+ MR+ rMut rCorr}
   (You bought it in a shop on level 2 of the Orcish Mines)

   It protects you from fire.
   It protects you from cold.
   It insulates you from electricity.
   It protects you from poison.
   It protects you from negative energy.
   It affects your resistance to hostile enchantments.
   It provides partial protection from all sources of acid and corrosion.
   It protects you from mutation.
   It has a curse placed upon it.
 T - a cursed +1 pair of boots of running (worn)
Jewellery
 y - the cursed amulet "Poitseom" (around neck) {Regen+ Str+4 Int+3}
   (You acquired it on level 1 of the Lair of Beasts)

   [amulet of regeneration]

   It affects your strength (+4).
   It affects your intelligence (+3).
   It increases your rate of regeneration.
   It has a curse placed upon it.
 I - the cursed ring of Guph (left hand) {rPois rC+ MR+ Int-3 Dex+6}
   (You bought it in a shop on level 2 of the Orcish Mines)

   [ring of dexterity]

   It affects your intelligence (-3).
   It affects your dexterity (+6).
   It protects you from cold.
   It protects you from poison.
   It affects your resistance to hostile enchantments.
   It has a curse placed upon it.
 U - the amulet "Ikuz" {Faith rF++ rN++ MR-}
   (You found it in a Gauntlet)

   [amulet of faith]

   It allows you to gain divine favour quickly.
   It greatly protects you from fire.
   It greatly protects you from negative energy.
   It affects your resistance to hostile enchantments.
 W - a cursed +4 ring of slaying (right hand)
Wands
 j - a wand of digging (8)
 r - a wand of iceblast (11)
 A - a wand of flame (83)
 C - a wand of acid (49)
 H - a wand of clouds (13)
 Q - a wand of disintegration (14)
Scrolls
 g - 12 scrolls of identify
 p - 3 scrolls of fear
 t - 9 scrolls of fog
 u - 6 scrolls of teleportation
 x - 3 scrolls of remove curse
 z - 5 scrolls of magic mapping
 K - 4 scrolls of silence
 O - 3 scrolls of vulnerability
 V - a scroll of immolation
Potions
 e - 7 potions of stabbing
 l - 6 potions of curing
 n - 3 potions of magic
 o - 7 potions of lignification
 v - 3 potions of haste
 B - a potion of resistance
 G - 3 potions of brilliance
 J - 5 potions of might
 L - a potion of invisibility
 N - 3 potions of berserk rage
 X - 3 potions of flight
 Z - a potion of cancellation
Books
 k - a manual of Armour
Miscellaneous
 s - 2 phantom mirrors
 w - a lightning rod (4/4)
 F - a phial of floods
 P - 3 boxes of beasts
Comestibles
 f - 56 rations


   Skills:
 + Level 14.8 Fighting
   Level 3.0 Long Blades
 - Level 14.7(20.0) Polearms
 + Level 14.6 Throwing
 * Level 13.2(18.6) Armour
 - Level 12.2 Dodging
 - Level 8.5 Spellcasting
 - Level 10.9(15.1) Conjurations
 * Level 5.2(9.7) Summonings
 - Level 6.2(10.7) Earth Magic
 - Level 9.7(14.0) Evocations


You had 9 spell levels left.
You knew the following spells:

 Your Spells              Type           Power        Failure   Level
a - Dazzling Flash        Conj/Hex       #####.       4%          3
b - Iron Shot             Conj/Erth      ######....   32%         6
c - Spellforged Servitor  Conj/Summ      ######....   92%         7
d - Orb of Destruction    Conj           ######....   58%         7
e - Summon Lightning Spi  Summ/Air       ####....     45%         4

Your spell library contained the following spells:

 Spells                   Type           Power        Failure   Level
 Foxfire                  Conj/Fire      ####         1%          1
 Magic Dart               Conj           ####         1%          1
 Shock                    Conj/Air       ####         1%          1
 Summon Small Mammal      Summ           ####         1%          1
 Call Imp                 Summ           #####...     1%          2
 Searing Ray              Conj           ######       1%          2
 Stone Arrow              Conj/Erth      ######       1%          3
 Call Canine Familiar     Summ           #####...     2%          3
 Conjure Flame            Conj/Fire      #####...     4%          3
 Summon Guardian Golem    Hex/Summ       ####....     16%         3
 Fulminant Prism          Conj/Hex       #####.....   17%         4
 Hailstorm                Conj/Ice       #####...     17%         4
 Iskenderun's Mystic Bla  Conj/Tloc      #####...     17%         4
 Sticky Flame             Conj/Fire      #####...     17%         4
 Bolt of Magma            Conj/Fire/Erth #####.....   30%         5
 Apportation              Tloc           ##....       32%         1
 Beastly Appendage        Tmut           ##....       32%         1
 Corona                   Hex            ##.....      32%         1
 Freeze                   Ice            ##..         32%         1
 Petrify                  Tmut/Erth      ####....     38%         4
 Fireball                 Conj/Fire      #####.....   43%         5
 Irradiate                Conj/Tmut      #####.....   43%         5
 Iskenderun's Battlesphe  Conj/Chrm      #####...     43%         5
 Corpse Rot               Necr/Air       N/A          45%         2
 Ensorcelled Hibernation  Hex/Ice        ##....       45%         2
 Sticks to Snakes         Tmut           ##......     45%         2
 Summon Ice Beast         Ice/Summ       ####....     45%         4
 Confusing Touch          Hex            ##......     69%         3
 Frozen Ramparts          Ice            ##....       69%         3
 Gell's Gravitas          Tloc           ##........   69%         3
 Inner Flame              Hex/Fire       ##......     69%         3
 Ozocubu's Armour         Chrm/Ice       ##......     69%         3
 Spider Form              Tmut/Pois      ##........   69%         3
 Tukima's Dance           Hex            ##......     69%         3
 Borgnjor's Vile Clutch   Necr/Erth      ####......   75%         5
 Shadow Creatures         Summ           N/A          77%         6
 Summon Forest            Summ/Tloc      ####......   80%         5
 Conjure Ball Lightning   Conj/Air       #####.....   95%         6
 Starburst                Conj/Fire      #####.....   95%         6
 Ice Form                 Ice/Tmut       ##......     97%         4
 Statue Form              Tmut/Erth      ####.....    99%         6
 Blade Hands              Tmut           ##........   100%        5
 Metabolic Englaciation   Hex/Ice        ##........   100%        5
 Silence                  Hex/Air        ##........   100%        5
 Yara's Violent Unravell  Hex/Tmut       ##........   100%        5
 Darkness                 Hex            ##........   100%        6
 Dispersal                Tloc           ##........   100%        6
 Eringya's Noxious Bog    Tmut/Pois      ##........   100%        6
 Hydra Form               Tmut           ##........   100%        6
 Dragon Form              Tmut           ##........   100%        7
 Summon Hydra             Summ           #####.....   100%        7
 Tornado                  Air            ##........   100%        9


Dungeon Overview and Level Annotations

Branches:
Dungeon (15/15)            Temple (0/1) D:4            Lair (6/6) D:10
  Swamp (4/4) Lair:2       Spider (4/4) Lair:4        Slime (0/5) Lair:5
    Orc (2/2) D:10            Elf (0/3) Orc:2        Vaults (2/5) D:13
 Depths (0/5) D:15          IceCv (visited)          WizLab (visited)
Gauntlet (visited)
  Crypt: Vaults:2-3

Altars:
Ashenzari
Cheibriados
Elyvilon
Kikubaaqudgha
Makhleb
Nemelex Xobeh
Ru
Wu Jian
Xom
The Shining One
Beogh

Shops:
D:4 (   D:7 *[(   D:15 =   Orc:2 ==*[(   Vaults:1 *   Vaults:2 **}

Annotations:
D:7 1 runed translucent door, Gargoyl's ghost, novice CeAK
D:12 1 runed translucent door, Miritol's ghost, journeyman VSBr
Lair:3 1 runed translucent door, BritishOli's ghost, journeyman DsGl
Lair:6 exclusion: oklob plant
Swamp:2 2 transporters, Tejew's ghost, adept HuGl
Spider:3 2 runed translucent doors, Soniseqa's ghost, adept SpEn
Vaults:1 3 runed translucent doors, Mujukuneu's ghost, veteran HuCj; Plog's ghost, adept DDFi; Plog's ghost, adept FeBe


Innate Abilities, Weirdness & Mutations

You are clumsy. (Dex -2)


Message History

The air elemental hits you but does no damage.
The air elemental hits you!
* * * LOW HITPOINT WARNING * * *
The air elemental hits you!
* * * LOW HITPOINT WARNING * * *
The air elemental barely misses you.
Okay, then.
Unknown command.
Okay, then.
Evoke which item? (* to show all) (? for menu, Esc to quit)
Okay, then.
Press: ? - help, v - describe, . - travel
Here: an air elemental (strong, unusually agile)
The floor.
A red film seems to cover your vision as you go berserk!
You feel yourself moving faster!
You feel mighty!
You are engulfed in raging winds.
The air elemental hits you!
* * * LOW HITPOINT WARNING * * *
The air elemental misses you. The air elemental hits you!
You die...

*,,,,,,* *,,,,,,* *,,,,,,*
*,,,,,,* *,,,,,,* *,,,,,,*
#*##* *,,,,,,* *#.#.#######
*,,,,,,* **...#..§E@#
*,,∆,,,* *,#.#.§§§§§#
**#+++###### *#.#.#§#.§.#
#........# *,#...#.§§##
#........##
**..#.#.#.#.######........#.
*,...#.#...##....#........#.
*,..#.#...#H.....#........#.
*,.#.#...#.##....#.......†#.
*,#.#.#...#......'........'.


You could see an air elemental (strong, agile).

Vanquished Creatures
  the Lernaean hydra (Swamp:4)
  A tentacled monstrosity (Swamp:2)
  2 thorn hunters
  Gastronok (Lair:1)
  Kirke (Swamp:1)
  Roxanne (Spider:2)
  A frost giant (IceCv)
  2 vault wardens
  Aizul (Swamp:1)
  3 ghost moths
  10 emperor scorpions
  2 orc warlords
  A juggernaut zombie (D:15)
  3 ironheart preservers (Vaults:1)
  An entropy weaver (Spider:1)
  Nessos (Orc:2)
  A deep elf annihilator (Vaults:1)
  A minotaur (Gauntlet)
  A spark wasp (Spider:4)
  A deep elf death mage (Vaults:1)
  A blizzard demon (WizLab)
  An ettin (Orc:1)
  Snorg (Lair:3)
  4 yaktaur captains
  A fire dragon (Lair:6)
  The ghost of BeastOfSaturn the Blocker, a journeyman DsVM of Ashenzari (Orc:1)
  Harold (Lair:1)
  8 vault guards (D:13)
  3 great orbs of eyes
  Fannar (D:11)
  2 ice dragons
  12 hydras
  A rakshasa (Vaults:2)
  6 centaur warriors
  14 two-headed ogres
  9 alligators
  20 death yaks
  3 ogre magi (Vaults:1)
  Urug (Orc:2)
  A tengu warrior (D:15)
  4 orc high priests
  A shadow wraith (Vaults:2)
  5 skeletal warriors
  An unseen horror (Vaults:1)
  A death drake (WizLab)
  A deep troll (Vaults:1)
  12 swamp dragons
  A golden dragon zombie (D:15)
  A flayed ghost (D:15)
  A lindwurm (Lair:6)
  3 deep elf archers (Vaults:1)
  6 ironbrand convokers (Vaults:1)
  4 deep elf magi
  4 spriggan druids (Swamp:3)
  3 wizards
  A necromancer (D:15)
  8 orc knights
  19 orb spiders
  Pikel (D:8)
  29 wolf spiders
  A sphinx skeleton (D:15)
  17 ugly things
  6 orc sorcerers
  A wolf spider (shapeshifter) (Vaults:1)
  A manticore (D:14)
  A moth of wrath (Spider:4)
  2 cyclopes (Vaults:1)
  An elf zombie (D:15)
  11 elephants (Lair:6)
  7 vault sentinels
  15 cane toads
  A gargoyle (D:15)
  An ice statue (IceCv)
  9 torpor snails
  2 black mambas
  A minotaur zombie (Gauntlet)
  5 komodo dragons
  2 rime drakes (Lair:6)
  A freezing wraith (Vaults:1)
  14 yaktaurs
  13 demonic crawlers
  2 tengu conjurers
  27 hornets
  7 trolls
  16 polar bears (IceCv)
  A queen bee (Spider:3)
  A troll (shapeshifter) (Vaults:2)
  16 tyrant leeches
  21 slime creatures
  3 meliai (Spider:3)
  19 blink frogs
  36 jumping spiders
  A bog body (Swamp:3)
  A meliai zombie (D:14)
  A snapping turtle (shapeshifter) (Vaults:2)
  9 hippogriffs
  An air elemental (WizLab)
  A vampire (D:11)
  34 tarantellas
  66 redbacks
  4 shadows
  6 spriggans
  63 yaks
  A human (shapeshifter) (D:15)
  5 wraiths
  3 wyverns
  A golden eye (shapeshifter) (D:11)
  2 steam dragons
  5 basilisks
  Grum (D:8)
  5 neqoxecs (Orc:1)
  19 vampire mosquitoes
  A warg (Vaults:1)
  16 insubstantial wisps
  A soldier ant (D:11)
  21 swamp worms
  7 acid dragons
  13 water moccasins
  5 porcupines
  9 swamp drakes
  45 orc warriors
  12 ice beasts
  A black bear (D:10)
  5 sky beasts
  A phantom (D:10)
  20 ogres
  An eye of draining (D:12)
  3 boggarts
  23 wolves
  22 centaurs
  16 crocodiles
  A lemure (D:8)
  4 big kobolds
  14 bullfrogs
  A gnoll sergeant (D:9)
  A glowing shapeshifter simulacrum (Vaults:2)
  6 scorpions
  2 wyvern skeletons
  A wight (D:9)
  22 killer bees
  A human simulacrum (Vaults:1)
  5 electric eels
  2 vampire bats (Lair:2)
  4 howler monkeys
  A jelly (D:11)
  4 centaur zombies
  5 quasits
  6 hounds
  19 orc wizards
  4 centaur skeletons
  22 orc priests
  2 bullfrog skeletons
  7 iguanas
  12 worker ants
  A killer bee zombie (D:10)
  A hound zombie (D:9)
  A hound skeleton (D:5)
  A worker ant zombie (D:6)
  A howler monkey zombie (D:10)
  A howler monkey skeleton (D:8)
  6 gnolls
  13 adders
  2 shadow imps
  3 white imps
  An ooze (D:2)
  5 worms
  12 dart slugs
  9 leopard geckos
  75 orcs
  4 ball pythons
  13 bats
  4 giant cockroaches
  8 goblins
  7 hobgoblins
  7 jackals
  4 quokkas
  7 frilled lizards
  A jackal skeleton (D:4)
  25 kobolds
  6 rats
  2 plants (Lair:6)
1311 creatures vanquished.

Vanquished Creatures (collateral kills)
  Rupert (Lair:5)
1 creature vanquished.

Vanquished Creatures (others)
  A rime drake (IceCv)
  An apocalypse crab (WizLab)
  A polar bear (IceCv)
  A yak (IceCv)
  A warg (Orc:1)
  An orc warrior (Orc:1)
  An ogre (Vaults:1)
  A wolf (IceCv)
  An orc priest (Orc:2)
  An orc wizard (D:8)
  8 bushes (Lair:6)
  13 fungi
  31 plants
  6 withered plants
68 creatures vanquished.

Grand Total: 1380 creatures vanquished

Notes
Turn   | Place    | Note
-------+----------+-------------------------------------------
     0 | D:1      | MrRokkomies the Human Gladiator began the quest for the
                  | Orb.
     0 | D:1      | Reached XP level 1. HP: 16/16 MP: 1/1
    71 | D:1      | Reached XP level 2. HP: 18/22 MP: 2/2
   169 | D:1      | Reached skill level 1 in Polearms
   472 | D:1      | Reached XP level 3. HP: 25/27 MP: 3/3
   870 | D:2      | Reached skill level 1 in Armour
   870 | D:2      | Reached XP level 4. HP: 33/34 MP: 4/4
  1330 | D:3      | Found a shattered altar of Ashenzari.
  1432 | D:3      | Reached XP level 5. HP: 39/39 MP: 5/5
  1633 | D:3      | Found a sparkling altar of Nemelex Xobeh.
  1636 | D:3      | Found a burning altar of Makhleb.
  1639 | D:3      | Found a sacrificial altar of Ru.
  1642 | D:3      | Found a white marble altar of Elyvilon.
  1823 | D:3      | Became a worshipper of Ashenzari the Shackled
  2104 | D:4      | Found Acwuitet's Antique Weapon Shoppe.
  2120 | D:4      | Reached XP level 6. HP: 33/47 MP: 6/6
  2717 | D:4      | Found a staircase to the Ecumenical Temple.
  3101 | D:5      | Entered Level 5 of the Dungeon
  3190 | D:5      | Found a shattered altar of Ashenzari.
  3198 | D:5      | Found an ornate altar of the Wu Jian Council.
  3393 | D:5      | Reached XP level 7. HP: 51/52 MP: 7/7
  4024 | D:5      | Found a glowing golden altar of the Shining One.
  4216 | D:6      | Reached * piety under Ashenzari
  4441 | D:6      | Reached skill level 5 in Polearms
  4441 | D:6      | Reached XP level 8. HP: 6/60 MP: 8/8
  4780 | D:6      | Reached skill level 5 in Armour
  5391 | D:7      | Found Erakhl Rufe's Assorted Antiques.
  5398 | D:7      | Bought a twisted lead wand for 92 gold pieces
  5398 | D:7      | Bought a glowing trident for 149 gold pieces
  5398 | D:7      | Bought a glass wand for 92 gold pieces
  5407 | D:7      | Noticed Gargoyl's ghost (novice CeAK)
  5408 | D:7      | Found a runed translucent door.
  5540 | D:7      | Found Joarphuz's Weapon Shoppe.
  5801 | D:7      | Found Umedap's Armour Shop.
  5806 | D:7      | Bought a +0 cloak of magic resistance for 138 gold pieces
  5922 | D:7      | Reached XP level 9. HP: 24/67 MP: 9/9
  5934 | D:7      | Reached skill level 5 in Fighting
  6552 | D:8      | Noticed a hippogriff
  6566 | D:8      | Killed a hippogriff
  6674 | D:8      | Noticed a troll
  6690 | D:8      | Killed a troll
  6781 | D:8      | Noticed a two-headed ogre
  6805 | D:8      | Killed a two-headed ogre
  6805 | D:8      | Reached XP level 10. HP: 11/76 MP: 10/10
  7196 | D:8      | Upgraded the game from 0.26-a0-244-g083ca260ac to
                  | 0.26-a0-252-gb32a1a6195
  7598 | D:8      | Reached ** piety under Ashenzari
  7631 | D:8      | Noticed Grum
  7683 | D:8      | Killed Grum
  7981 | D:8      | Noticed Pikel
  8000 | D:8      | Killed Pikel
  8392 | D:8      | Found a shattered altar of Ashenzari.
  8622 | D:9      | Noticed a centaur warrior
  8639 | D:9      | Killed a centaur warrior
  8639 | D:9      | Reached XP level 11. HP: 42/84 MP: 11/11
  8901 | D:9      | Found a snail-covered altar of Cheibriados.
  9111 | D:9      | Reached skill level 10 in Armour
  9898 | D:10     | Entered Level 10 of the Dungeon
  9943 | D:10     | Found a staircase to the Lair.
 10123 | D:10     | Reached skill level 5 in Throwing
 10374 | D:10     | Reached *** piety under Ashenzari
 10397 | D:10     | Noticed a two-headed ogre
 10415 | D:10     | Killed a two-headed ogre
 10999 | D:10     | Noticed an orc knight
 10999 | D:10     | Found a roughly hewn altar of Beogh.
 10999 | D:10     | Found a staircase to the Orcish Mines.
 11292 | D:11     | Noticed Fannar
 11348 | D:11     | Killed Fannar
 11736 | D:11     | Identified the cursed +1 great sword of Plog {protect, rC+
                  | Int+8 Dex-2 SInv}
 12283 | D:7      | Bought a +2 glaive of venom for 277 gold pieces
 12641 | D:10     | Killed an orc knight
 12641 | D:10     | Reached XP level 12. HP: 47/94 MP: 12/12
 13232 | D:7      | Bought a +2 scale mail of poison resistance for 216 gold
                  | pieces
 13921 | D:11     | Identified the cursed +2 flail of Qoagioz {vamp, rN++
                  | Int-3}
 13921 | D:11     | Identified the amulet "Irureud" {rPois Regen+}
 13967 | D:11     | Reached skill level 5 in Dodging
 14491 | Lair:1   | Entered Level 1 of the Lair of Beasts
 14538 | Lair:1   | Identified a scroll of acquirement
 14538 | Lair:1   | Acquired the cursed amulet "Poitseom" {Regen+ Str+4 Int+3}
 14594 | Lair:1   | Reached **** piety under Ashenzari
 14713 | Lair:1   | Noticed Gastronok
 14743 | Lair:1   | Killed Gastronok
 14743 | Lair:1   | Reached skill level 10 in Polearms
 15171 | Lair:1   | Noticed Harold
 15196 | Lair:1   | Killed Harold
 15680 | Lair:2   | Reached XP level 13. HP: 98/101 MP: 13/13
 16066 | Lair:2   | Noticed a four-headed hydra
 16074 | Lair:2   | Killed a four-headed hydra
 16489 | Lair:2   | Reached skill level 5 in Evocations
 16989 | Lair:2   | Noticed a seven-headed hydra
 16994 | Lair:2   | Killed a seven-headed hydra
 17010 | Lair:2   | Found a staircase to the Swamp.
 17737 | Lair:2   | Reached skill level 10 in Fighting
 17742 | Lair:2   | Learned a level 3 spell: Dazzling Flash
 17821 | Lair:3   | Found a runed translucent door.
 17822 | Lair:3   | Noticed BritishOli's ghost (journeyman DsGl)
 17860 | Lair:3   | Reached ***** piety under Ashenzari
 18148 | Lair:3   | Identified the +8 long sword of Vaaseso {pain, *Corrode
                  | +Inv Dex+3}
 18161 | Lair:3   | Identified the +6 short sword of Fundamental Breach
                  | {vorpal, +Rage rC+}
 18689 | Lair:4   | Noticed Snorg
 18703 | Lair:3   | Killed Snorg
 18865 | Lair:3   | Reached XP level 14. HP: 67/110 MP: 14/14
 19387 | Lair:4   | Found a hole to the Spider Nest.
 19922 | Lair:3   | Reached skill level 10 in Dodging
 20196 | Lair:5   | Noticed Rupert
 20215 | Lair:5   | Killed Rupert
 20438 | Lair:5   | Found a staircase to the Slime Pits.
 20740 | Lair:6   | Entered Level 6 of the Lair of Beasts
 20918 | Lair:6   | Found a frozen archway.
 20979 | IceCv    | Entered an ice cave
 21930 | IceCv    | Reached XP level 15. HP: 52/115 MP: 15/15
 22084 | IceCv    | Noticed a frost giant
 22090 | IceCv    | Reached skill level 1 in Conjurations
 22095 | IceCv    | Killed a frost giant
 22163 | IceCv    | Identified the +9 spear "Tiowkeh" {vamp, rPois Str+3
                  | Stlth+}
 22231 | Lair:6   | Reached ****** piety under Ashenzari
 22415 | Lair:6   | Found a sparkling altar of Nemelex Xobeh.
 23558 | Lair:6   | Reached skill level 10 in Throwing
 24112 | Lair:6   | Found a runed translucent door.
 24135 | Lair:6   | Reached skill level 5 in Conjurations
 24511 | Lair:6   | Paralysed by a hornet for 3 turns
 24919 | Orc:1    | Entered Level 1 of the Orcish Mines
 24949 | Orc:1    | Found a transporter.
 24993 | Orc:1    | Noticed BeastOfSaturn's ghost (journeyman DsVM)
 25226 | Orc:1    | Found a transporter.
 25479 | Orc:1    | Gained mutation: You are clumsy. (Dex -2) [a neqoxec]
 25491 | Orc:1    | Killed BeastOfSaturn's ghost
 25547 | Orc:1    | Learned a level 6 spell: Iron Shot
 25564 | Orc:2    | Entered Level 2 of the Orcish Mines
 25570 | Orc:2    | Noticed an orc warlord
 25598 | Orc:1    | Killed an orc warlord
 25722 | Orc:1    | Reached XP level 16. HP: 50/122 MP: 16/16
 25882 | Orc:2    | Found Goojoucs's Jewellery Emporium.
 25926 | Orc:2    | Found a staircase to the Elven Halls.
 26027 | Orc:2    | Noticed Urug
 26046 | Orc:2    | Killed Urug
 26123 | Orc:2    | Noticed Nessos
 26140 | Orc:2    | Killed Nessos
 27654 | Orc:2    | Found Seycof's General Store.
 27660 | Orc:2    | Found Humue's Antique Armour Shop.
 27660 | Orc:2    | Found Ceilu's Antique Weapon Boutique.
 27661 | Orc:2    | Found Afovu's Jewellery Shop.
 27757 | Orc:2    | Bought the -2 hat of the Alchemist {rElec rPois rF+ rC+ rN+
                  | MR+ rMut rCorr} for 1416 gold pieces
 27757 | Orc:2    | Found the -2 hat of the Alchemist {rElec rPois rF+ rC+ rN+
                  | MR+ rMut rCorr}
 28058 | D:12     | Found a runed translucent door.
 28059 | D:12     | Found a shimmering altar of Xom.
 28059 | D:12     | Noticed Miritol's ghost (journeyman VSBr)
 28347 | D:12     | Acquired a cursed +1 pair of boots of running
 28348 | D:12     | Acquired a cursed +3 glaive of freezing
 29009 | Orc:2    | Bought the ring of Guph {rPois rC+ MR+ Int-3 Dex+6} for 912
                  | gold pieces
 29880 | D:13     | Found a gate to the Vaults.
 29891 | D:13     | Reached skill level 1 in Earth Magic
 31291 | D:15     | Entered Level 15 of the Dungeon
 31364 | D:15     | Reached XP level 17. HP: 49/128 MP: 17/17
 31373 | D:15     | Found a gate leading to a gauntlet.
 31384 | Gauntlet | Entered a Gauntlet
 31384 | Gauntlet | Found a large runed translucent door.
 31384 | Gauntlet | Found a large runed translucent door.
 31384 | Gauntlet | Found a large runed translucent door.
 31384 | Gauntlet | Found a large runed translucent door.
 31384 | Gauntlet | Found a large runed translucent door.
 31384 | Gauntlet | Found a large runed translucent door.
 31384 | Gauntlet | Found a large runed translucent door.
 31384 | Gauntlet | Found a large runed translucent door.
 31384 | Gauntlet | Found a runed translucent door.
 31384 | Gauntlet | Found a runed translucent gate.
 31384 | Gauntlet | Found a transporter.
 31384 | Gauntlet | Found a transporter.
 31384 | Gauntlet | Found a runed translucent gate.
 31384 | Gauntlet | Found a transporter.
 31478 | Gauntlet | Found a transporter.
 31481 | Gauntlet | Found a transporter.
 31481 | Gauntlet | Found a transporter.
 31491 | Gauntlet | Found a transporter.
 31495 | Gauntlet | Found a transporter.
 31511 | Gauntlet | Identified the amulet "Ikuz" {Faith rF++ rN++ MR-}
 31511 | Gauntlet | Found a transporter.
 31513 | Gauntlet | Found a transporter.
 31529 | Gauntlet | Found a transporter.
 31533 | Gauntlet | Found a transporter.
 31549 | Gauntlet | Found a runed translucent gate.
 31550 | Gauntlet | Found a large runed translucent door.
 31550 | Gauntlet | Found a large runed translucent door.
 31551 | Gauntlet | Found a large runed translucent door.
 31552 | Gauntlet | Found a large runed translucent door.
 31553 | Gauntlet | Found a large runed translucent door.
 31553 | Gauntlet | Found a large runed translucent door.
 31553 | Gauntlet | Found a runed translucent door.
 31554 | Gauntlet | Found a large runed translucent door.
 31555 | Gauntlet | Found a large runed translucent door.
 32245 | D:15     | Found Inegiph's Jewellery Emporium.
 32346 | D:15     | Found a staircase to the Depths.
 32550 | D:15     | Acquired a book of Changes
 33645 | Swamp:1  | Entered Level 1 of the Swamp
 33852 | Swamp:1  | Noticed Aizul
 33871 | Swamp:1  | Killed Aizul
 33871 | Swamp:1  | Reached skill level 10 in Conjurations
 33923 | Swamp:1  | Noticed Kirke
 33952 | Swamp:1  | Noticed a sphinx
 33957 | Swamp:1  | Killed Kirke
 34516 | Swamp:1  | Identified the +2 robe of Uskayaw's Regard {Str+6 Int+2}
 34849 | Swamp:2  | Learned a level 7 spell: Spellforged Servitor
 34985 | Swamp:2  | Identified the +1 arbalest "Doicutt" {penet, +Blink rElec
                  | rF+ Stlth+}
 35137 | Swamp:2  | Found a transporter.
 35160 | Swamp:2  | Found a transporter.
 35167 | Swamp:2  | Identified the +9 shortbow "Coaxzuhuaj" {vorpal, rPois}
 35250 | Swamp:2  | Identified the +1 cloak of the Lair of Beasts {rElec rPois
                  | rC+ Int+4 Slay-5}
 35263 | Swamp:2  | Noticed Tejew's ghost (adept HuGl)
 35396 | Swamp:2  | Noticed a tentacled monstrosity
 35422 | Swamp:2  | Killed a tentacled monstrosity
 35685 | Swamp:2  | Noticed a thorn hunter
 35702 | Swamp:2  | Killed a thorn hunter
 35702 | Swamp:2  | Reached skill level 5 in Earth Magic
 36716 | Swamp:3  | Reached XP level 18. HP: 136/136 MP: 18/18
 36800 | Swamp:3  | Found an ancient bone altar of Kikubaaqudgha.
 37020 | Swamp:3  | Identified Vivaheum's Compendium of Unstable Confrontation
 37356 | Swamp:4  | Entered Level 4 of the Swamp
 38047 | Swamp:4  | Noticed the 27-headed Lernaean hydra
 38057 | Swamp:4  | Killed the 27-headed Lernaean hydra
 38243 | Swamp:4  | Got a decaying rune of Zot
 38798 | Spider:1 | Entered Level 1 of the Spider Nest
 38939 | Spider:1 | Reached skill level 1 in Spellcasting
 40036 | Spider:1 | HP: 7/141 [poisoned by an emperor scorpion]
 40041 | Spider:1 | HP: 5/141 [poisoned by an emperor scorpion]
 40047 | Spider:1 | HP: 4/141 [poisoned by an emperor scorpion]
 40052 | Spider:1 | HP: 5/141 [poisoned by an emperor scorpion]
 40059 | Spider:1 | HP: 6/141 [poisoned by an emperor scorpion]
 40926 | Spider:2 | Identified Roxanne's Collected Works on Moulding
 40926 | Spider:2 | Noticed Roxanne
 40964 | Spider:2 | Reached XP level 19. HP: 146/148 MP: 25/25
 40999 | Spider:2 | Killed Roxanne
 41327 | Spider:2 | Reached skill level 5 in Spellcasting
 41412 | Spider:2 | HP: 2/148 [disintegration (26)]
 42025 | Spider:3 | Found a large runed translucent door.
 42025 | Spider:3 | Found a large runed translucent door.
 42025 | Spider:3 | Noticed Soniseqa's ghost (adept SpEn)
 43156 | Spider:4 | Entered Level 4 of the Spider Nest
 44129 | Spider:4 | Learned a level 7 spell: Orb of Destruction
 44134 | Spider:4 | Learned a level 4 spell: Summon Lightning Spire
 45887 | Spider:4 | Got a gossamer rune of Zot
 46303 | Vaults:1 | Entered Level 1 of the Vaults
 46546 | Vaults:1 | Reached XP level 20. HP: 147/159 MP: 32/32
 46712 | Vaults:1 | Found Vacuim's Assorted Antiques.
 46723 | Vaults:1 | Bought a wand of clouds (5) for 360 gold pieces
 46723 | Vaults:1 | Bought a spiked chain mail for 285 gold pieces
 46723 | Vaults:1 | Identified the cursed +0 chain mail of Discretion {rElec
                  | Int+2 Slay+4} (You bought it in a shop on level 1 of the
                  | Vaults)
 46723 | Vaults:1 | Bought a paperback book for 450 gold pieces
 46893 | Vaults:1 | Reached skill level 1 in Summonings
 47023 | Vaults:1 | Found a runed translucent gate.
 47023 | Vaults:1 | Found a runed translucent gate.
 47023 | Vaults:1 | Found a runed translucent gate.
 47026 | Vaults:1 | Noticed Mujukuneu's ghost (veteran HuCj)
 47026 | Vaults:1 | Noticed Plog's ghost (adept DDFi)
 47026 | Vaults:1 | Noticed Plog's ghost (adept FeBe)
 48441 | Vaults:2 | Found Eruch's General Store.
 48814 | Vaults:2 | Found Opaizoog's Gadget Boutique.
 48814 | Vaults:2 | Found Deutzeq's Assorted Antiques.
 48838 | Vaults:2 | Reached skill level 5 in Summonings
 49015 | Vaults:2 | Found a magical portal.
 49021 | WizLab   | Entered The Chambers of the Cloud Mage
 49047 | WizLab   | Upgraded the game from 0.26-a0-252-gb32a1a6195 to
                  | 0.26-a0-257-g47e9e61525
 49054 | Vaults:2 | HP: 9/241 [air elemental (17)]
 49054 | Vaults:2 | Slain by an air elemental

Illustrated notes

Levels and vault maps discovered:
D:1:      matt_arrival_diagonals, layout_basic
D:2:      layout_basic, minmay_tetromino_l2
D:3:      kennysheep_big_flooded_room, layout_basic,
          grunt_temple_overflow_cloverleaf, first_ration,
          nicolae_ashenzari_panopticon
D:4:      layout_basic, minmay_temple_entry_glassed_door, serial_shops, shop
D:5:      kennysheep_slugbush, layout_cave_pods, lemuel_crystal_altar,
          kennysheep_mini_moat, nicolae_tso_swordbearing_angel
D:6:      layout_rooms, chequers_serial_rivers_small_3, minmay_crossroads
D:7:      layout_loops_ring, hellmonk_ghost_happy_afterlife, serial_shops, shop,
          kennysheep_mini, kennysheep_little_box
D:8:      layout_cave_pools, serial_glass, glass_columns_a, glass_columns_a,
          glass_columns_a, glass_columns_a, glass_columns_c, glass_columns_a,
          blue_anna_alchemist [blue_anna_fruit_fields, blue_anna_fruit_fields],
          lemuel_tele_altar, uniq_pikel, uniq_grum
D:9:      hangedman_cross_stitches, layout_loops_ring, slow_altar_1
D:10:     minmay_polygon_palace, layout_irregular_city, lair_entry_dummy,
          david_orc_5
D:11:     layout_loops_corners, dk_noncrumbling_2,
          minmay_the_grid_square_5x5_3x3_mashed
          [minmay_the_grid_square_5x5_eight, minmay_the_grid_square_5x5_dogpile,
          minmay_the_grid_square_5x5_v, minmay_the_grid_square_5x5_meh,
          minmay_the_grid_square_5x5_megaprize_diamond,
          minmay_the_grid_square_5x5_longway,
          minmay_the_grid_square_5x5_inverted_slash,
          minmay_the_grid_square_5x5_six_small,
          minmay_the_grid_square_5x5_fancy_junction], uniq_fannar
D:12:     layout_basic, ebering_ghost_xom
D:13:     layout_stronghold, erik_vaults_2
D:14:     layout_gridville, minivault_14
D:15:     gammafunk_depths_entry_grave, layout_loops_corners, serial_shops,
          shop_coins, minmay_misc_feat_roman, gauntlet_entry_generic,
          minmay_door_square
Lair:1:   layout_cave_shapes, small_statue_intersection, uniq_gastronok,
          uniq_harold
Lair:2:   layout_cave_pods, palyth_hydra_swamp_entry, minivault_26,
          roderic_batcave, lemuel_fruit_tree
Lair:3:   layout_regular_city, gammafunk_ghost_grave,
          eino_small_chamber_without_monster, serial_bayou_shore_a,
          grunt_megastairs_2
Lair:4:   layout_small_grid, spider_nest_entry_web_field, fungi_pond_lemuel,
          uniq_snorg
Lair:5:   layout_gridlike, dpeg_slime_entry_corner, minivault_27,
          patterned_corridor, uniq_rupert
Lair:6:   guppyfry_lair_end_dragon, layout_concentric_octagons, wormcave,
          portal_ice_cave_entry_ice_beasts, minmay_lair_oklob_bushes,
          lemuel_centaur_altar, infiniplex_staircase_pool
Swamp:1:  layout_falls_marsh, evilmike_swamp_ruin_rubble_2, uniq_aizul,
          uniq_kirke
Swamp:2:  cheibrodos_swamp_monstrosity, layout_basic_swamp,
          gammafunk_ghost_berserking_beasts, evilmike_swamp_ruin_house_4,
          hangedman_swamp_blocks
Swamp:3:  layout_basic_swamp, basic_altar
Swamp:4:  swamp_old_school, layout_basic_swamp
Spider:1: layout_spider_delve, hangedman_spider_trapstep
Spider:2: layout_spider_delve, drop_trap, uniq_roxanne
Spider:3: layout_spider_delve, ebering_ghost_disaster_area,
          nicolae_looking_at_the_future
Spider:4: guppyfry_spider_rune, guppyfry_hornet_nest
Orc:1:    layout_caves, gammafunk_ghost_stat_death
Orc:2:    st_orc_congregation, layout_caves, serial_shops, nicolae_shop_trees,
          uniq_urug, uniq_nessos
Vaults:1: gammafunk_vaults_ghost_cemetery, nicolae_vaults_network_quinsquares
          [nicolae_vaults_network_quincunx_subvault,
          nicolae_vaults_network_quincunx_subvault,
          nicolae_vaults_network_quincunx_subvault,
          nicolae_vaults_network_quincunx_subvault], nicolae_vaults_little_ls,
          nicolae_vaults_network_periphery, nicolae_vaults_alarming,
          hangedman_vaults_nodes, grunt_vaults_bifocal, v_alt_pattern_3,
          hangedman_vaults_locks, nicolae_vaults_little_squares_6,
          layout_vaults_maze_snakey, serial_shops, shop
Vaults:2: v_misc_28, nicolae_vaults_quadrants, vaults_room_door_hall, v_rooms_2,
          nicolae_vaults_big_angled_halls, nicolae_vaults_what_the_h,
          vaults_room_corners, nicolae_vaults_theta, hangedman_vaults_trim,
          grunt_vaults_focal, layout_vaults_omnibox, serial_shops, shop,
          shop_fountains, shop, mu_enter_wizlab_6

Skill      XL: |  1  2  3  4  5  6  7  8  9 10 11 12 13 14 15 16 17 18 19 20 |
---------------+-------------------------------------------------------------+-----
Polearms       | 1 2 3 4 5 6 8 9 10 11 13 14 | 14.7
Armour         | 1 2 3 4 6 8 9 11 13 | 13.2
Fighting       | 3 4 6 7 8 9 10 12 14 | 14.8
Throwing       | 3 7 8 9 10 11 12 13 14 | 14.6
Dodging        | 4 6 9 11 12 | 12.2
Evocations     | 3 7 9 |  9.7
Conjurations   | 6 9 10 | 10.9
Earth Magic    | 2 5 6 |  6.2
Spellcasting   | 4 8 |  8.5
Summonings     | 5 |  5.2
Long Blades    | |  3.0

Action                   |  1- 3 |  4- 6 |  7- 9 | 10-12 | 13-15 | 16-18 | 19-21 || total
-------------------------+-------+-------+-------+-------+-------+-------+-------++-------
Melee: Spear             |    91 |   188 |   300 |   650 |       |       |       ||  1229
       Glaive            |       |       |       |   294 |  1247 |  1640 |   955 ||  4136
Throw: Dart              |       |     2 |    10 |    13 |       |    39 |    96 ||   160
       Throwing net      |       |       |     3 |     1 |     2 |       |       ||     6
       Boomerang         |       |       |       |     5 |   147 |   211 |   103 ||   466
       Javelin           |       |       |       |       |       |    14 |       ||    14
Invok: Curse Item        |       |     3 |     1 |     3 |     1 |     2 |     1 ||    11
       Scrying           |       |       |       |       |       |     1 |     1 ||     2
Evoke: Wand              |       |       |     2 |     3 |    20 |    16 |     2 ||    43
       Lightning rod     |       |       |       |       |       |     4 |       ||     4
       Box of beasts     |       |       |       |       |       |     1 |     1 ||     2
       Phial of floods   |       |       |       |       |       |     1 |       ||     1
  Use: Scroll            |     1 |     5 |     6 |    16 |    16 |    15 |     7 ||    66
       Potion            |       |       |       |     5 |     1 |     4 |     7 ||    17
 Stab: Sleeping          |     1 |       |       |       |       |       |       ||     1
       Held in net/web   |       |       |     3 |       |     1 |       |       ||     4
       Distracted        |       |       |       |     1 |       |     1 |     1 ||     3
       Invisible         |       |       |       |       |       |     3 |       ||     3
       Paralysed         |       |       |       |       |       |       |     1 ||     1
  Eat: Ration            |       |     2 |     3 |     8 |     9 |    13 |     6 ||    41
Armor: Leather armour    |     4 |       |       |       |       |       |       ||     4
       Chain mail        |    47 |    71 |   116 |   240 |       |       |    94 ||   568
       Scale mail        |       |       |       |    66 |   408 |   472 |   300 ||  1246
Dodge: Dodged            |    36 |    39 |    69 |   277 |  1012 |  1403 |  1144 ||  3980
Block: Other             |     8 |    29 |    59 |   116 |       |       |       ||   212
       Reflection        |       |     2 |     3 |     8 |       |       |       ||    13

Table legend:
 A = Non-vault XP
 B = Vault XP
 C = Vault XP percentage of total XP
 D = Non-vault monster count
 E = Vault monster count
 F = Vault count percentage of total count
                 A         B        C        D         E       F
            +---------+---------+-------+---------+---------+-------
      Total |  253033 |  145818 |  36.6 |     894 |     422 |  32.1
            +---------+---------+-------+---------+---------+-------
        D:1 |      39 |       0 |   0.0 |      21 |       0 |   0.0
        D:2 |      59 |       4 |   6.3 |      23 |       2 |   8.0
        D:3 |      39 |      14 |  26.4 |      12 |       2 |  14.3
        D:4 |     286 |       0 |   0.0 |      18 |       0 |   0.0
        D:5 |     130 |      32 |  19.8 |       9 |       8 |  47.1
        D:6 |     876 |     137 |  13.5 |      19 |       1 |   5.0
        D:7 |     645 |       0 |   0.0 |      17 |       0 |   0.0
        D:8 |    2736 |    1145 |  29.5 |      27 |       5 |  15.6
        D:9 |    1788 |    1200 |  40.2 |      31 |       7 |  18.4
       D:10 |    2714 |    2160 |  44.3 |      22 |      36 |  62.1
       D:11 |    1752 |    4340 |  71.2 |      14 |      19 |  57.6
       D:12 |    8218 |       0 |   0.0 |      35 |       0 |   0.0
       D:13 |    4720 |    7966 |  62.8 |      24 |       8 |  25.0
       D:14 |    5220 |       0 |   0.0 |      30 |       0 |   0.0
       D:15 |    8258 |    5725 |  40.9 |      23 |       8 |  25.8
     Lair:1 |    1892 |    3237 |  63.1 |      11 |       2 |  15.4
     Lair:2 |    7292 |    2819 |  27.9 |      24 |      14 |  36.8
     Lair:3 |   12823 |    1651 |  11.4 |      37 |       3 |   7.5
     Lair:4 |    7255 |       0 |   0.0 |      15 |       0 |   0.0
     Lair:5 |    2058 |    1853 |  47.4 |      11 |       1 |   8.3
     Lair:6 |   16449 |   11618 |  41.4 |      43 |      42 |  49.4
    Swamp:1 |   11733 |    3853 |  24.7 |      31 |       2 |   6.1
    Swamp:2 |   14844 |    2949 |  16.6 |      40 |       1 |   2.4
    Swamp:3 |    9545 |       0 |   0.0 |      22 |       0 |   0.0
    Swamp:4 |    4638 |   18729 |  80.2 |      17 |      24 |  58.5
   Spider:1 |   18091 |    2687 |  12.9 |      43 |       8 |  15.7
   Spider:2 |   17944 |    2880 |  13.8 |      51 |       3 |   5.6
   Spider:3 |   19038 |    5528 |  22.5 |      59 |      18 |  23.4
   Spider:4 |    8930 |   19898 |  69.0 |      23 |      37 |  61.7
      Orc:1 |    5582 |    3280 |  37.0 |      24 |      17 |  41.5
      Orc:2 |     765 |   12598 |  94.3 |      10 |      60 |  85.7
   Vaults:1 |   48323 |    7730 |  13.8 |      90 |      18 |  16.7
   Vaults:2 |    8351 |    1489 |  15.1 |      18 |       4 |  18.2
      IceCv |       0 |   13522 | 100.0 |       0 |      54 | 100.0
     WizLab |       0 |    1876 | 100.0 |       0 |       4 | 100.0
   Gauntlet |       0 |    4898 | 100.0 |       0 |      14 | 100.0
            +---------+---------+-------+---------+---------+-------
